 Dungeon Crawl Stone Soup version 0.29-a0-459-g97dee8cd24 (webtiles) character file.

Game seed: 16989052939296003511

77 hquester the Grave Robber (level 4, -3/24 HPs)
             Began as a Deep Elf Necromancer on May 20, 2022.
             Slain by an orc
             ... wielding a +0 falchion
              (5 damage)
             ... on level 2 of the Dungeon.
             The game lasted 00:11:00 (1791 turns).

hquester the Grave Robber (Deep Elf Necromancer)    Turns: 1791, Time: 00:11:01

Health: -3/24      AC:  3    Str:  5    XL:     4   Next: 13%
Magic:  4/11       EV: 13    Int: 22    God:
Gold:   127        SH:  0    Dex: 15    Spells: 2/10 levels left

rFire   . . .      SeeInvis .   c - +0 dagger
rCold   . . .      Faith    .   (no shield)
rNeg    . . .      Spirit   .   a - +0 robe
rPois   .          Reflect  .   (no helmet)
rElec   .          Harm     .   i - +0 cloak
rCorr   .          Rampage  .   (no gloves)
Will    +....                   (no boots)
Stlth   ++........              (no amulet)
HPRegen 0.08/turn               m - ring of willpower
MPRegen 0.12/turn               (no ring)

@: no status effects
A: no striking features
a: no special abilities


You were on level 2 of the Dungeon.
You visited 1 branch of the dungeon, and saw 3 of its levels.

You collected 127 gold pieces.

Inventory:

Hand Weapons
 c - a +0 dagger (weapon)
Armour
 a - a +0 robe (worn)
 i - a +0 cloak (worn)
Jewellery
 m - a ring of willpower (left hand)
Scrolls
 e - a scroll of enchant weapon {unknown}
 f - a scroll of identify {unknown}
 k - a scroll of fear {unknown}
 l - a scroll of magic mapping {unknown}
 n - a scroll of immolation {unknown}
Potions
 b - a potion of magic
 d - 2 potions of mutation {unknown}
 g - a potion of lignification {unknown}
 h - a potion of curing {unknown}
 j - a potion of brilliance {unknown}
 o - a potion of might {unknown}


   Skills:
 + Level 0.4 Fighting
 + Level 0.5 Short Blades
 + Level 3.2 Dodging
 + Level 3.1 Stealth
 * Level 3.9 Spellcasting
 * Level 5.4 Necromancy


You had 2 spell levels left.
You knew the following spells:

 Your Spells              Type           Power      Damage    Failure   Level
a - Necrotize             Necr           100%       1d9       1%          1
b - Vampiric Draining     Necr           28%        2d8       3%          3
c - Animate Dead          Necr           28%        N/A       12%         4

Your spell library contained the following spells:

 Spells                   Type           Power      Damage    Failure   Level
 Dazzling Flash           Conj/Hex       8%         N/A       34%         3
 Agony                    Necr           28%        N/A       34%         5
 Silence                  Hex/Air        2%         N/A       97%         5


Dungeon Overview and Level Annotations

Branches:
Dungeon (3/15)

Altars:


Message History

The orc hits your orc skeleton with a +0 hand axe.
Your orc skeleton is destroyed!
Casting: Vampiric Draining (quite dangerous; 3% risk of failure)
Confirm with . or Enter, or press ? or * to list all spells.
The spell is quite dangerous to miscast (3% risk of failure)!
Continue anyway?
Okay, then.
Casting: Vampiric Draining (quite dangerous; 3% risk of failure)
Confirm with . or Enter, or press ? or * to list all spells.
Okay, then.
Casting: Vampiric Draining (quite dangerous; 3% risk of failure)
Confirm with . or Enter, or press ? or * to list all spells.
Aiming: Necrotize (safe; 1% risk of failure)
Press: ? - help, Shift-Dir - straight line, f - orc, p - orc
Aim: an orc, wielding a +0 hand axe (almost dead, chance to affect: 93%)
The orc writhes in agony!
You kill the orc!
The dead are walking!
The orc hits you with a +0 falchion!
You barely miss the orc. The orc hits you with a +0 falchion.
The orc hits you with a +1 flail of protection.
* * * LOW HITPOINT WARNING * * *
The orc completely misses you.
You climb upwards.
There is a stone staircase leading down here.
The orc attacks as you move away! The orc hits you but does no damage.
The orc attacks as you move away! The orc closely misses you.
The orc barely misses you.
The orc hits you with a +1 flail of protection.
* * * LOW HITPOINT WARNING * * *
The orc attacks as you move away! The orc hits you with a +0 falchion.
* * * LOW HITPOINT WARNING * * *
The orc closely misses you. The orc attacks as you move away!
The orc barely misses you.
Your magical contamination has completely faded away.
The orc attacks as you move away! The orc hits you with a +0 falchion.
* * * LOW HITPOINT WARNING * * *
The orc attacks as you move away! The orc closely misses you.
The orc attacks as you move away! The orc misses you.
The orc attacks as you move away! The orc barely misses you.
The orc attacks as you move away! The orc hits you with a +0 falchion.
You die...

....#.............##........#
...####...........##......###
......###.........#......##
#.#.#...................<#
#.#................#.....####
..######....................##
### #..........##..##.....##
##.....................#
#.......@.#..#........# ###
#####....o#..##..>....# ..#
#....#..o..........## ..#
####.........####.....## ..#
##............# #.......# ..#
#...#####.....# #......)# ###
##..####......# #.......#
#............# ##.....##
#..#####.....# ##...##


You could see 2 orcs.

Vanquished Creatures
  2 adders (D:2)
  A worm (D:2)
  A dart slug (D:2)
  2 orcs (D:3)
  3 endoplasms
  A giant cockroach (D:1)
  A goblin (D:2)
  9 hobgoblins
  A jackal (D:2)
  3 quokkas
  3 ball pythons
  5 bats
  2 frilled lizards (D:1)
  7 kobolds (D:1)
41 creatures vanquished.

Vanquished Creatures (collateral kills)
  An endoplasm (D:2)
  A goblin (D:2)
  A jackal (D:2)
  A kobold (D:1)
  A frilled lizard (D:1)
  A rat (D:2)
6 creatures vanquished.

Vanquished Creatures (others)
  2 plants (D:2)
2 creatures vanquished.

Grand Total: 49 creatures vanquished

Notes
Turn   | Place    | Note
-------+----------+-------------------------------------------
     0 | D:1      | hquester the Deep Elf Necromancer began the quest for the
                  | Orb.
     0 | D:1      | Reached XP level 1. HP: 10/10 MP: 6/6
   171 | D:1      | Reached skill level 5 in Necromancy
   171 | D:1      | Reached XP level 2. HP: 15/15 MP: 5/8
   946 | D:1      | Reached XP level 3. HP: 19/19 MP: 7/10
  1362 | D:2      | Reached XP level 4. HP: 21/24 MP: 5/11
  1441 | D:2      | Found a faded altar of an unknown god.
  1656 | D:2      | Learned a level 3 spell: Vampiric Draining
  1661 | D:2      | Learned a level 4 spell: Animate Dead
  1791 | D:2      | Slain by an orc

Illustrated notes

Levels and vault maps discovered:
D:1:      kilobyte_arrival_exit_the_forest, layout_basic, minmay_crystal_room
D:2:      layout_rooms, shapermc_ecumenical_altar_mp_urbaneastern
D:3:      layout_loops_ring, minivault_25

Skill      XL: |  1  2  3 |
---------------+----------+-----
Necromancy     | 5 |  5.4
Stealth        | 3 |  3.1
Dodging        | 3 |  3.2
Fighting       | |  0.4
Short Blades   | |  0.5
Spellcasting   | |  3.9

Action                   |  1- 3 |  4- 6 || total
-------------------------+-------+-------++-------
Melee: Dagger            |     1 |     1 ||     2
 Cast: Necrotize         |    64 |    14 ||    78
Armor: Robe              |     1 |     2 ||     3
Dodge: Dodged            |    15 |     9 ||    24

Table legend: (Time is in decaauts)
 A = Elapsed time spent in this place.
 B = Non-inter-level travel time spent in this place.
 C = Inter-level travel time spent in this place.
 D = Time resting spent in this place.
 E = Time spent auto-exploring this place.
 F = Levels seen in this place.
 G = Mean time per level.
                   A        B        C        D        E       F      G
               +--------+--------+--------+--------+--------+-----+--------+
         Total |   1800 |   1749 |     51 |      0 |   1365 |   3 |  600.0 |
       Dungeon |   1800 |   1749 |     51 |      0 |   1365 |   3 |  600.0 |
               +--------+--------+--------+--------+--------+-----+--------+

Top non-repeatable levels by time:
     D:1: 1117 daAuts
     D:2: 673 daAuts
     D:3: 9 daAuts
